 Dungeon Crawl Stone Soup version 0.24-a0-106-gcea5463 (console) character file.

Game seed: 0

3189 Duffy the Caller (level 9, 11/68 HPs)
             Began as a Naga Summoner on Feb 13, 2019.
             Was an Elder of Cheibriados.
             Quit the game in a bailey.
             The game lasted 00:19:25 (9692 turns).

Duffy the Caller (Naga Summoner)                    Turns: 9692, Time: 00:19:26

Health: 11/68      AC: -2    Str: 20    XL:     9   Next: 96%
Magic:  0/18       EV: 10    Int: 28    God:    Cheibriados [****..]
Gold:   251        SH:  5    Dex: 22    Spells: 7/20 levels left

rFire    . . .     SeeInvis +   y - +6 spear {pierce, Dex+2}
rCold    + . .     Gourm    .   g - +0 buckler
rNeg     + . .     Faith    .   C - +2 robe {rN+}
rPois    +         Spirit   .   l - +1 helmet
rElec    .         Reflect  .   f - +0 cloak
rCorr    .         Harm     .   t - +0 pair of gloves
MR       +....                  (no barding)
Stlth    +++.......             (no amulet)
HPRegen  0.21/turn              e - ring of protection from cold
MPRegen  0.16/turn              E - ring of wizardry

@: corroded, very slow
A: large, see invisible, deformed body, poison resistance, slowness 2, slow
metabolism 1, spit poison 1, AC +3
a: Spit Poison, Bend Time, Temporal Distortion, Slouch, Renounce Religion


You were in a bailey.
You worshipped Cheibriados.
Cheibriados was greatly pleased with you.
You were not hungry.

You visited 2 branches of the dungeon, and saw 9 of its levels.
You also visited: Bailey.

You collected 251 gold pieces.

Inventory:

Hand Weapons
 v - a +1 dagger of venom
 y - the +6 spear of Strategic Superiority (weapon) {pierce, Dex+2}
   (You found it on level 5 of the Dungeon)

   It inflicts extra damage upon your enemies.
   It affects your dexterity (+2).
 z - a +2 spear of venom
Missiles
 A - a throwing net (quivered)
Armour
 f - a +0 cloak (worn)
 g - a +0 buckler (worn)
 l - a +1 helmet (worn)
 t - a +0 pair of gloves (worn)
 B - a +1 scale mail of fire resistance
 C - a +2 robe of positive energy (worn)
Jewellery
 e - a ring of protection from cold (left hand)
 s - an uncursed ring of protection from cold
 E - a ring of wizardry (right hand)
Wands
 j - a wand of flame (20)
 o - a wand of disintegration (19)
Scrolls
 b - 2 scrolls of enchant armour
 h - a scroll of amnesia
 i - 3 scrolls of teleportation
 m - 2 scrolls of fog
 n - a scroll of identify
 q - 6 scrolls of remove curse
Potions
 d - a potion of mutation {unknown}
 r - 4 potions of curing
 u - a potion of berserk rage {unknown}
 D - a potion of invisibility {unknown}
Comestibles
 c - 12 rations


   Skills:
 - Level 2.0 Polearms
 - Level 1.5 Dodging
 - Level 3.0 Stealth
 - Level 2.5 Shields
 - Level 6.0 Spellcasting
 - Level 7.0 Summonings
 - Level 4.0 Ice Magic
 - Level 4.0 Air Magic
 + Level 4.9 Invocations
 - Level 6.0 Evocations


You had 7 spell levels left.
You knew the following spells:

 Your Spells              Type           Power        Failure   Level  Hunger
h - Call Canine Familiar  Summ           #####...     1%          3    None
j - Call Imp              Summ           #####...     1%          2    None
k - Summon Ice Beast      Ice/Summ       #####...     2%          4    ###....
l - Summon Lightning Spi  Summ/Air       #####...     2%          4    ###....

Your spell library contained the following spells:

 Spells                   Type           Power        Failure   Level  Hunger
 Summon Small Mammal      Summ           ####         1%          1    None
 Summon Guardian Golem    Hex/Summ       ####....     1%          3    None


Dungeon Overview and Level Annotations

Branches:
Dungeon (8/15)             Temple (1/1) D:4
   Lair: D:8-11

Altars:
Cheibriados
Dithmenos
Elyvilon
Fedhas
Gozag
Hepliaklqana
Kikubaaqudgha
Makhleb
Nemelex Xobeh
Qazlal
Ru
Sif Muna
Trog
Uskayaw
Vehumet
Wu Jian
Xom
Yredelemnul
Zin
The Shining One

Shops:
D:7 (


Innate Abilities, Weirdness & Mutations

You cannot wear boots.
Your serpentine skin is tough. (AC +3)
You have supernaturally acute eyesight. (SInv)
Armour fits poorly on your strangely shaped body.
Your system is resistant to poisons. (rPois)
You cover ground very slowly.
You have a slow metabolism.
You can spit poison.


Message History

The orc high priest hits your lightning spire with a +0 war axe.
Attack whom?
Press: ? - help, Dir - move target cursor, f/p - orc high priest
Aim: an orc high priest, wielding a +0 war axe and wearing a +0 scale mail (moderately wounded)
You hit the orc high priest but do no damage.
The orc high priest is moderately wounded.
The rust devil hits you! The rust devil corrodes you!
Attack whom?
Press: ? - help, Dir - move target cursor, f/p - orc high priest
Aim: an orc high priest, wielding a +0 war axe and wearing a +0 scale mail (moderately wounded)
You hit the orc high priest.
The orc high priest is moderately wounded.
The orc high priest barely misses you.
The orc high priest hits your lightning spire with a +0 war axe.
The rust devil barely misses you.
Your lightning spire shoots out a bolt of lightning at the orc high priest!
The bolt of electricity hits the orc high priest!
Unknown command.
Unknown command.
Are you sure you want to abandon this character and quit the game? (Confirm with "yes".)

#g. )..# g. ).. gg
####### ##g#.......
+.....g.o_g #)8........
#.)....oog. #.8)###
#..go@#######
#.8.48#.....#
#..%..#.....#
####..#..}..#
#..'.....+ #%.%.....+
#####))'#####
#...........#
######~~~~...~~~~######


You could see an orc high priest, a rust devil, a hobgoblin and a friendly
lightning spire.

Vanquished Creatures
  Pikel (D:6)
  An orc knight (Bailey)
  Prince Ribbit (D:6)
  An orc warrior (Bailey)
  An ice beast (D:7)
  A phantom (D:7)
  A sky beast (D:5)
  2 ogres
  Blork the orc (D:6)
  A big kobold (D:7)
  A bullfrog (D:7)
  2 scorpions (D:7)
  A killer bee (D:7)
  A hound (D:6)
  A gnoll shaman (D:6)
  A jelly (D:6)
  An orc priest (D:8)
  An orc wizard (D:5)
  An iguana (D:4)
  7 worker ants
  A hound skeleton (D:7)
  A howler monkey zombie (D:8)
  6 gnolls
  4 adders
  An adder zombie (D:6)
  2 worms
  A dart slug (D:1)
  A leopard gecko (D:6)
  12 orcs
  2 giant cockroaches (D:1)
  6 goblins
  4 hobgoblins
  2 jackals (D:2)
  11 kobolds
  A quokka (D:6)
  2 ball pythons
  5 bats
  3 frilled lizards
  A leopard gecko skeleton (D:5)
  8 rats
102 creatures vanquished.

Vanquished Creatures (collateral kills)
  An orc sorcerer (Bailey)
  Psyche (D:8)
  Grinder (D:5)
  2 orc warriors
  A black bear (D:7)
  A phantom (D:6)
  2 ogres (D:6)
  5 killer bees (D:7)
  Crazy Yiuf (D:6)
  A hound (D:6)
  An orc wizard (D:5)
  3 worker ants (D:4)
  5 gnolls
  4 adders
  An ooze (D:3)
  A dart slug (D:3)
  A leopard gecko (D:2)
  8 orcs
  A ball python (D:2)
  7 goblins
  6 hobgoblins
  5 jackals
  A quokka (D:4)
  A bat (D:3)
  A frilled lizard (D:3)
  6 kobolds
68 creatures vanquished.

Vanquished Creatures (others)
  4 slaves (D:6)
  A centaur (D:6)
  3 gnolls (D:6)
  A jackal (D:6)
9 creatures vanquished.

Grand Total: 179 creatures vanquished

Notes
Turn   | Place    | Note
-------+----------+-------------------------------------------
     0 | D:1      | Duffy the Naga Summoner began the quest for the Orb.
     0 | D:1      | Reached XP level 1. HP: 15/15 MP: 3/3
   247 | D:1      | Reached XP level 2. HP: 22/22 MP: 5/5
   945 | D:1      | Reached skill level 1 in Polearms
  1325 | D:2      | Reached XP level 3. HP: 9/28 MP: 2/6
  1619 | D:1      | Learned a level 2 spell: Call Imp
  1623 | D:1      | Learned a level 3 spell: Call Canine Familiar
  1772 | D:2      | Reached XP level 4. HP: 18/36 MP: 1/8
  1775 | D:2      | Reached skill level 1 in Shields
  2839 | D:3      | Found a hazy altar of Hepliaklqana.
  3409 | D:3      | Found a burning altar of Makhleb.
  3409 | D:3      | Found a sacrificial altar of Ru.
  3468 | D:3      | Found a shimmering altar of Xom.
  3894 | D:4      | Reached XP level 5. HP: 38/42 MP: 2/9
  4453 | D:4      | Reached skill level 5 in Summonings
  4616 | D:4      | Noticed an ogre
  4625 | D:4      | Killed an ogre
  4625 | D:4      | Reached XP level 6. HP: 49/49 MP: 3/11
  4960 | D:4      | Found a staircase to the Ecumenical Temple.
  5134 | Temple   | Entered the Ecumenical Temple
  5323 | Temple   | Became a worshipper of Cheibriados the Contemplative
  5411 | D:4      | Learned a level 4 spell: Summon Lightning Spire
  5641 | D:5      | Entered Level 5 of the Dungeon
  5727 | D:5      | Got an ancient spear
  5728 | D:5      | Identified the +6 spear of Strategic Superiority {pierce,
                  | Dex+2} (You found it on level 5 of the Dungeon)
  5928 | D:5      | Noticed a sky beast
  5938 | D:5      | Killed a sky beast
  6135 | D:5      | Noticed Grinder
  6148 | D:5      | Killed Grinder
  6148 | D:5      | Reached skill level 1 in Air Magic
  6148 | D:5      | Reached XP level 7. HP: 43/55 MP: 4/13
  6419 | D:5      | Reached * piety under Cheibriados
  6700 | D:6      | Found a hide-covered altar of Uskayaw.
  6718 | D:6      | Reached skill level 1 in Evocations
  6946 | D:6      | Noticed Pikel
  6946 | D:6      | Noticed Prince Ribbit
  6965 | D:6      | Killed Pikel
  6965 | D:6      | Reached skill level 5 in Spellcasting
  6965 | D:6      | Reached skill level 6 in Summonings
  6965 | D:6      | Reached XP level 8. HP: 49/62 MP: 9/15
  7246 | D:6      | Found Zewas's Antique Armour Boutique.
  7285 | D:6      | Found a bloodstained altar of Trog.
  7288 | D:6      | Found a basalt altar of Yredelemnul.
  7294 | D:6      | Found an ancient bone altar of Kikubaaqudgha.
  7354 | D:6      | Learned a level 4 spell: Summon Ice Beast
  7380 | D:6      | Reached ** piety under Cheibriados
  7920 | D:6      | Noticed Blork the orc
  7930 | D:6      | Killed Blork the orc
  7930 | D:6      | Reached skill level 1 in Ice Magic
  7945 | D:6      | Killed Prince Ribbit
  7945 | D:6      | Reached skill level 7 in Summonings
  8222 | D:6      | Found a runed translucent door.
  8223 | D:6      | Noticed Crazy Yiuf
  8230 | D:6      | Killed Crazy Yiuf
  8313 | D:7      | Reached XP level 9. HP: 68/68 MP: 17/17
  8331 | D:7      | Reached skill level 1 in Invocations
  8334 | D:7      | Reached *** piety under Cheibriados
  9040 | D:7      | Found Gyryeseu's Antique Weapon Emporium.
  9215 | D:8      | Noticed Psyche
  9219 | D:8      | Killed Psyche
  9306 | D:8      | Found a flagged portal.
  9321 | Bailey   | Entered a bailey
  9356 | Bailey   | Reached **** piety under Cheibriados
  9356 | Bailey   | Reached skill level 5 in Evocations
  9652 | Bailey   | Found an iron altar of Okawaru.
  9652 | Bailey   | Noticed an orc sorcerer
  9652 | Bailey   | Noticed an orc high priest
  9652 | Bailey   | Noticed an orc knight
  9671 | Bailey   | Killed an orc knight
  9672 | Bailey   | Paralysed by an orc sorcerer for 5 turns
  9674 | Bailey   | Noticed a rust devil
  9681 | Bailey   | Killed an orc sorcerer
  9692 | Bailey   | Quit the game

Levels and vault maps discovered:
D:1:      dpeg_arrival_more_subterranean_lakeside_camping, layout_loops_ring
D:2:      layout_rooms
D:3:      cheibrodos_helix_gallery, layout_loops_ring, old_standard_altar,
          grunt_temple_overflow_open, first_ration
D:4:      layout_loops_ring, minmay_temple_entry_enclosed_plants, serial_forest,
          infiniplex_forest_clump_curved, infiniplex_forest_lined_room_2,
          infiniplex_forest_clump_diagonal, infiniplex_forest_pool,
          infiniplex_forest_clump_diagonal, infiniplex_forest_clump_small,
          infiniplex_forest_join
D:5:      layout_basic, hangedman_abyss_or_decor_stabs, uniq_grinder
D:6:      layout_rooms, grunt_temple_overflow_diamond, basic_altar,
          serial_shops, shop, uniq_blork_the_orc, uniq_crazy_yiuf_cottage,
          uniq_pikel, uniq_prince_ribbit1
D:7:      layout_cave_pools, serial_shops, nicolae_shop_waterfront
D:8:      layout_cave_pools, chequers_temple_overflow_statue_of_worship,
          enter_bailey_2, basic_altar, uniq_psyche
Temple:   dshaligram_water_room_temple
Bailey:   bailey_axe_of_yendor_kennysheep, bailey

Skill      XL: |  1  2  3  4  5  6  7  8  9 |
---------------+----------------------------+-----
Polearms       | 1 2 |  2.0
Shields        | 1 2 |  2.5
Spellcasting   | 3 4 5 6 |  6.0
Summonings     | 5 6 7 |  7.0
Air Magic      | 1 3 4 |  4.0
Evocations     | 2 3 6 |  6.0
Ice Magic      | 2 4 |  4.0
Invocations    | 4 |  4.9
Dodging        | |  1.5
Stealth        | |  3.0

Action                   |  1- 3 |  4- 6 |  7- 9 || total
-------------------------+-------+-------+-------++-------
Melee: Spear             |    57 |   157 |   184 ||   398
Throw: Throwing net      |       |       |     1 ||     1
 Cast: Summon Small Mamm |     2 |       |       ||     2
       Call Canine Famil |     1 |    21 |    15 ||    37
       Call Imp          |       |     8 |       ||     8
       Summon Lightning  |       |       |    13 ||    13
       Summon Ice Beast  |       |       |     5 ||     5
 Abil: Spit Poison       |    16 |    15 |     8 ||    39
Evoke: Wand              |     1 |       |     9 ||    10
  Use: Scroll            |       |     4 |     9 ||    13
       Potion            |       |       |     3 ||     3
 Stab: Sleeping          |     2 |     5 |     2 ||     9
       Distracted        |       |     4 |     4 ||     8
  Eat: Ration            |     1 |     1 |     1 ||     3
       Chunk             |       |    11 |     8 ||    19
Armor: Robe              |    16 |    23 |    53 ||    92
Dodge: Dodged            |    21 |    49 |    74 ||   144
Block: Buckler           |     6 |    26 |    46 ||    78

Table legend:
 A = Non-vault XP
 B = Vault XP
 C = Vault XP percentage of total XP
 D = Non-vault monster count
 E = Vault monster count
 F = Vault count percentage of total count
                 A         B        C        D         E       F
            +---------+---------+-------+---------+---------+-------
      Total |    2344 |    2213 |  48.6 |     145 |      25 |  14.7
            +---------+---------+-------+---------+---------+-------
        D:1 |      29 |       0 |   0.0 |      18 |       0 |   0.0
        D:2 |      90 |       0 |   0.0 |      23 |       0 |   0.0
        D:3 |      37 |       6 |  14.0 |      22 |       2 |   8.3
        D:4 |     260 |       0 |   0.0 |      13 |       0 |   0.0
        D:5 |     197 |     198 |  50.1 |       8 |       1 |  11.1
        D:6 |     649 |     856 |  56.9 |      28 |       4 |  12.5
        D:7 |     929 |       0 |   0.0 |      25 |       0 |   0.0
        D:8 |     153 |     190 |  55.4 |       8 |       1 |  11.1
     Bailey |       0 |     963 | 100.0 |       0 |      17 | 100.0
            +---------+---------+-------+---------+---------+-------
